 Dungeon Crawl Stone Soup version 0.32-a0-747-gc8563f6773 (webtiles) character file.

Game seed: 3376043356098770510

6056 zkyp the Cleaver (level 10, -2/91 HPs)
             Began as a Mountain Dwarf Fighter on Mar 18, 2024.
             Was an Elder of Okawaru.
             Slain by a komodo dragon (22 damage)
             ... on level 8 of the Dungeon.
             The game lasted 00:09:22 (8871 turns).

zkyp the Cleaver (Mountain Dwarf Fighter)           Turns: 8871, Time: 00:09:22

Health: -2/91      AC: 18    Str: 24    XL:     10   Next: 57%
Magic:  10/10      EV:  6    Int:  8    God:    Okawaru [****..]
Gold:   241        SH:  8    Dex:  9    Spells: 9/9 levels left

rFire   . . .        a - +0 hand axe (venom)
rCold   + . .        c - +0 buckler
rNeg    . . .        u - +0 plate armour
rPois   .            (no helmet)
rElec   .            p - +0 cloak
rCorr   .            x - +0 pair of gloves
SInv    .            B - +0 pair of boots
Will    +....        (no amulet) Stlth
                     (no ring)
HPRegen 0.35/turn    g - ring of protection from cold
MPRegen 0.12/turn

%: no passive effects
@: no status effects
A: runic magic, artefact enchanting, large bone plates 1
a: Renounce Religion, Heroism, Finesse


You were on level 8 of the Dungeon.
You worshipped Okawaru.
Okawaru was greatly pleased with you.
You visited 2 branches of the dungeon, and saw 9 of its levels.

You collected 431 gold pieces.
You spent 190 gold pieces at shops.

Inventory:

Hand Weapons
 a - a +0 hand axe of venom (weapon)
 b - a +5 flail of holy wrath
 y - a +0 war axe
 L - a +4 hand axe
Missiles
 H - 3 javelins (quivered)
Armour
 c - a +0 buckler (worn)
 p - a +0 cloak (worn)
 u - a +0 plate armour (worn)
 x - a +0 pair of gloves (worn)
 B - a +0 pair of boots (worn)
 C - a +0 tower shield
Jewellery
 g - a ring of protection from cold (right hand)
 w - a ring of magical power
 E - a ring of protection from cold
Wands
 j - a wand of acid (8)
 q - a wand of polymorph (10)
 A - a wand of flame (8)
 F - a wand of digging (3)
 J - a wand of warping (7)
Scrolls
 e - 3 scrolls of noise {unknown}
 k - a scroll of poison
 l - 4 scrolls of teleportation {unknown}
 m - a scroll of enchant armour {unknown}
 n - 2 scrolls of silence {unknown}
 r - 2 scrolls of vulnerability {unknown}
 s - 3 scrolls of fear {unknown}
 t - 2 scrolls of enchant weapon {unknown}
 G - 2 scrolls of fog {unknown}
 I - a scroll of immolation {unknown}
 M - a scroll of identify {@r2}
Potions
 d - a potion of might
 f - 2 potions of heal wounds
 h - 3 potions of curing {@q1}
 i - 3 potions of ambrosia
 o - 2 potions of lignification {unknown}
 v - 2 potions of resistance {unknown}
 z - 2 potions of attraction {unknown}
 D - a potion of invisibility {unknown}
 K - a potion of brilliance


   Skills:
 + Level 9.4 Fighting
 * Level 13.6 Axes
 + Level 9.4 Armour
 - Level 3.2 Shields


You had 9 spell levels left.
You didn't know any spells.
Your spell library contained the following spells:

 Spells                   Type           Power      Damage    Failure   Level
 Shock                    Conj/Air       0%         1d3       67%         1
 Lesser Beckoning         Tloc           0%         N/A       82%         2
 Gell's Gravitas          Tloc           0%         N/A       96%         3
 Swiftness                Air            0%         N/A       96%         3
 Teleport Other           Tloc           0%         N/A       96%         3
 Airstrike                Air            0%         2d(0-16)  100%        4
 Iskenderun's Battlesphe  Conj           0%         2d6       100%        5
 Bombard                  Conj/Erth      0%         9d1       100%        6
 Summon Ice Beast         Ice/Summ       Unusable   N/A       N/A         3
 Summon Mana Viper        Hex/Summ       Unusable   N/A       N/A         5
 Monstrous Menagerie      Summ           Unusable   N/A       N/A         7
 Spellforged Servitor     Conj/Summ      Unusable   N/A       N/A         7

Dungeon Overview and Level Annotations

Branches:
Dungeon (8/15)             Temple (1/1) D:6
   Lair: D:8-11

Altars:
Ashenzari
Cheibriados
Dithmenos
Elyvilon
Fedhas
Gozag
Hepliaklqana
Kikubaaqudgha
Makhleb
Nemelex Xobeh
Okawaru
Qazlal
Ru
Sif Muna
Trog
Uskayaw
Vehumet
Wu Jian
Xom
Yredelemnul
Zin
The Shining One

Shops:
D:5 :[!


Innate Abilities, Weirdness & Mutations

Your spellcasting is much less encumbered by armour.
You can use scrolls of enchantment on lesser artefacts.
You are partially covered in large bone plates. (SH +4)


Message History

* * * LOW HITPOINT WARNING * * *
You hit the komodo dragon.
The komodo dragon looks as sick as possible!
The komodo dragon is severely wounded.
You hit something. Something hits you but does no damage.
You hit the komodo dragon.
The komodo dragon looks as sick as possible!
The komodo dragon is severely wounded.
You hit something but do no damage. You block the komodo dragon's attack.
Reactivating autopickup.
A sky beast appears from thin air!
The sky beast barely misses you.
You hit the komodo dragon but do no damage.
The komodo dragon looks as sick as possible!
The komodo dragon is severely wounded.
You miss the sky beast. The komodo dragon bites you.
* * * LOW HITPOINT WARNING * * *
You hit the komodo dragon but do no damage.
The komodo dragon is almost dead.
You hit the sky beast.
The sky beast looks as sick as possible!
The sky beast hits you but does no damage.
You hit the komodo dragon but do no damage.
The komodo dragon looks as sick as possible!
The komodo dragon is almost dead.
You hit the sky beast.
The sky beast looks as sick as possible!
You block the komodo dragon's attack.
You barely miss the komodo dragon.
The komodo dragon is almost dead.
You hit the sky beast but do no damage.
The sky beast hits you but does no damage.
You block the komodo dragon's attack.
You hit the komodo dragon but do no damage.
The komodo dragon looks as sick as possible!
The komodo dragon is almost dead.
You slash the sky beast!
You kill the sky beast!
Okawaru accepts your kill. The komodo dragon bites you!!
You die... ############## ###### .............# #PPPPPP .###########(# ##PPPPPP.

.#
###'####...PPP..
.#
#....!.....PPP..
.#
#...............
.#
#.....l@#[.....P
.#
+.......##...P..
.#.. ##.......#
##.{.. .#.#
#......### #..#
.#.# #.####.#
.## .#.# #.# #.#
# .#.# #.####.#
.#.# #.#....#
.#.######.#.###


You could see a komodo dragon (extremely poisoned).

Vanquished Creatures
  A two-headed ogre (D:8)
  A gargoyle (D:8)
  A hornet (D:8)
  Prince Ribbit (D:6)
  2 wyverns
  A yak (D:8)
  3 steam dragons (D:8)
  Edmund (D:6)
  A water moccasin (D:6)
  4 hornet zombies (D:8)
  3 orc warriors
  3 black bears
  2 sky beasts
  An ogre (D:5)
  4 centaurs
  A phantom (D:5)
  Blork the orc (D:6)
  4 bullfrogs
  A gnoll sergeant (D:8)
  A kobold brigand (D:8)
  A scorpion (D:4)
  A wyvern skeleton (D:8)
  A burial acolyte (D:8)
  A wight (D:8)
  8 killer bees (D:8)
  5 howler monkeys
  2 centaur zombies (D:8)
  3 hounds
  A human zombie (D:8)
  4 orc priests
  A jelly (D:4)
  Crazy Yiuf (D:2)
  2 sleepcaps
  6 iguanas
  9 orc wizards
  A killer bee zombie (D:8)
  A howler monkey zombie (D:8)
  8 gnolls
  9 adders
  2 white imps
  3 ribbon worms
  A dart slug (D:2)
  25 orcs
  8 ball pythons
  3 endoplasms
  4 giant cockroaches
  6 goblins
  3 hobgoblins
  5 jackals
  6 kobolds
  2 quokkas (D:1)
  5 bats
  3 frilled lizards
  8 rats
186 creatures vanquished.

Vanquished Creatures (others)
  An orc (D:8)
1 creature vanquished.

Grand Total: 187 creatures vanquished

Notes
Turn   | Place    | Note
-------+----------+-------------------------------------------
     0 | D:1      | zkyp the Mountain Dwarf Fighter began the quest for the
                  | Orb.
     0 | D:1      | Reached XP level 1. HP: 19/19 MP: 1/1
    28 | D:1      | Found a faded altar of an unknown god.
   111 | D:1      | Reached skill level 3 in Axes
   111 | D:1      | Reached XP level 2. HP: 16/26 MP: 2/2
   709 | D:2      | Reached XP level 3. HP: 31/31 MP: 3/3
   901 | D:2      | Found a runed translucent door.
   902 | D:2      | Noticed Crazy Yiuf
   908 | D:2      | Killed Crazy Yiuf
   909 | D:2      | Reached skill level 4 in Axes
   909 | D:2      | Reached XP level 4. HP: 11/40 MP: 4/4
  1175 | D:2      | Found a shimmering blue altar of Sif Muna.
  1867 | D:2      | Reached XP level 5. HP: 43/46 MP: 5/5
  2117 | D:3      | Reached skill level 5 in Axes
  2229 | D:3      | Identified the +0 leather armour "Dureenam" {Str+3 Dex+2}
  2597 | D:3      | Found a sacrificial altar of Ru.
  2872 | D:4      | Noticed a black bear
  2885 | D:4      | Killed a black bear
  2886 | D:4      | Reached skill level 6 in Axes
  2886 | D:4      | Reached XP level 6. HP: 33/55 MP: 6/6
  3030 | D:4      | Reached skill level 5 in Armour
  3032 | D:4      | Reached skill level 5 in Fighting
  3374 | D:4      | Found a burning altar of Makhleb.
  3378 | D:4      | Found a glowing golden altar of the Shining One.
  3581 | D:5      | Entered Level 5 of the Dungeon
  3632 | D:5      | Reached XP level 7. HP: 61/61 MP: 7/7
  3679 | D:5      | Reached skill level 7 in Axes
  4116 | D:5      | Found Ceshe's Distillery.
  4124 | D:5      | Bought a potion of heal wounds for 50 gold pieces
  4124 | D:5      | Bought a potion of curing for 30 gold pieces
  4124 | D:5      | Bought a potion of curing for 30 gold pieces
  4124 | D:5      | Bought a potion of mutation for 80 gold pieces
  4124 | D:5      | Gained mutation: You occasionally lose the ability to drink
                  | potions when taking damage. [potion of mutation]
  4124 | D:5      | Gained mutation: You are partially covered in iridescent
                  | scales. (AC +2) [potion of mutation]
  4124 | D:5      | Gained mutation: You are weak. (Str -2) [potion of
                  | mutation]
  4125 | D:5      | Lost mutation: You are weak. (Str -2) [potion of mutation]
  4125 | D:5      | Lost mutation: You occasionally lose the ability to drink
                  | potions when taking damage. [potion of mutation]
  4125 | D:5      | Lost mutation: You are partially covered in iridescent
                  | scales. (AC +2) [potion of mutation]
  4125 | D:5      | Gained mutation: You are partially covered in large bone
                  | plates. (SH +4) [potion of mutation]
  4313 | D:5      | Found Ehixil Difu's Antique Armour Shop.
  4535 | D:5      | Reached skill level 8 in Axes
  4621 | D:5      | Found Locvevu's Book Emporium.
  4785 | D:5      | Reached XP level 8. HP: 70/70 MP: 8/8
  5402 | D:6      | Reached skill level 9 in Axes
  5592 | D:6      | Noticed Edmund
  5602 | D:6      | Killed Edmund
  5644 | D:6      | Noticed Blork the orc
  5668 | D:6      | Killed Blork the orc
  5860 | D:6      | Found a staircase to the Ecumenical Temple.
  5872 | Temple   | Entered the Ecumenical Temple
  5879 | Temple   | Became a worshipper of Warmaster Okawaru
  5911 | D:6      | Found a radiant altar of Vehumet.
  5976 | D:6      | Reached skill level 10 in Axes
  6087 | D:6      | Reached XP level 9. HP: 74/79 MP: 9/9
  6153 | D:6      | Noticed Prince Ribbit
  6173 | D:6      | Killed Prince Ribbit
  6173 | D:6      | Reached * piety under Okawaru
  7195 | D:8      | Reached skill level 11 in Axes
  7390 | D:8      | Noticed a gargoyle
  7425 | D:8      | Noticed a two-headed ogre
  7439 | D:8      | Killed a two-headed ogre
  7439 | D:8      | Reached ** piety under Okawaru
  7440 | D:8      | Reached skill level 12 in Axes
  7454 | D:8      | Reached XP level 10. HP: 9/90 MP: 10/10
  7476 | D:8      | Reached *** piety under Okawaru
  7678 | D:8      | Killed a gargoyle
  8179 | D:8      | Reached skill level 13 in Axes
  8187 | D:8      | Reached **** piety under Okawaru
  8482 | D:8      | Found an ancient bone altar of Kikubaaqudgha.
  8871 | D:8      | Slain by a komodo dragon

Illustrated notes

Levels and vault maps discovered:
D:1:      amcnicky_arrival_flooded_fountain, layout_rooms,
          basic_ecumenical_altar, minmay_liquid_box, minmay_pentomino_p4
D:2:      layout_basic, basic_altar, kennysheep_generic_room_8,
          uniq_crazy_yiuf_cottage
D:3:      layout_loops_ring, nicolae_ru_awakened_eye
D:4:      layout_basic, nicolae_overflow_hidden_temple
D:5:      layout_layer_cave, serial_shops, nicolae_lakefront_shop,
          nicolae_shop_window_shopping, shop, nicolae_twisty_statue_hallways
D:6:      nicolae_whirlpool, layout_loops_corners, lemuel_round_altar,
          temple_green, uniq_edmund, uniq_blork_the_orc, uniq_prince_ribbit1
D:7:      layout_basic
D:8:      minmay_clustersquares, layout_basic,
          lemuel_mausoleum_altar_kikubaaqudgha, david_lair_shrubbed
Temple:   sentei_temple_godly_chess

Skill      XL: |  1  2  3  4  5  6  7  8  9 10 |
---------------+-------------------------------+-----
Axes           | 3 4 6 8 10 12 13 | 13.6
Armour         | 4 5 6 7 8 9 |  9.4
Fighting       | 4 5 6 7 8 9 |  9.4
Shields        | |  3.2

Action                     |  1- 3 |  4- 6 |  7- 9 | 10-12 || total
---------------------------+-------+-------+-------+-------++-------
  Melee: War axe           |    90 |   150 |       |       ||   240
         Hand axe          |       |    66 |   334 |   113 ||   513
         Flail             |       |       |     2 |    49 ||    51
 Invoke: Heroism           |       |       |     1 |       ||     1
  Evoke: Wand              |       |       |     5 |       ||     5
    Use: Potion            |     1 |       |     2 |     1 ||     4
         Scroll            |       |     3 |       |     1 ||     4
 Armour: Scale mail        |    68 |   201 |   117 |       ||   386
         Plate armour      |       |       |    98 |   130 ||   228
  Dodge: Dodged            |    25 |    98 |    97 |    33 ||   253
  Block: Buckler           |    21 |    56 |    99 |    55 ||   231

Table legend: (Time is in decaauts)
 A = Elapsed time spent in this place.
 B = Non-inter-level travel time spent in this place.
 C = Inter-level travel time spent in this place.
 D = Time resting spent in this place.
 E = Time spent auto-exploring this place.
 F = Levels seen in this place.
 G = Mean time per level.
                   A        B        C        D        E       F      G
               +--------+--------+--------+--------+--------+-----+--------+
         Total |   8885 |   8760 |    125 |   2033 |   5170 |   9 |  987.2 |
       Dungeon |   8870 |   8757 |    113 |   2033 |   5170 |   8 | 1108.8 |
        Temple |     14 |      2 |     12 |      0 |      0 |   1 |   14.0 |
               +--------+--------+--------+--------+--------+-----+--------+

Top non-repeatable levels by time:
     D:8: 1632 daAuts
     D:5: 1620 daAuts
     D:6: 1383 daAuts
     D:1: 1144 daAuts
     D:2: 993 daAuts
     D:4: 782 daAuts
     D:3: 745 daAuts
     D:7: 568 daAuts
  Temple: 14 daAuts
